 Dungeon Crawl Stone Soup version 0.31.0-11-ge490571c62 (webtiles) character file.

Game seed: 18378699325622319936

175 hawla the Charlatan (level 5, -8/28 HPs)
             Began as a Deep Elf Conjurer on Feb 4, 2024.
             Mangled by Crazy Yiuf
             ... wielding a +3 quarterstaff of chaos
              (10 damage)
             ... while petrified by Crazy Yiuf
             ... on level 2 of the Dungeon.
             The game lasted 00:07:26 (3006 turns).

hawla the Charlatan (Deep Elf Conjurer)             Turns: 3006, Time: 00:07:26

Health: -8/28      AC:  3    Str:  4    XL:     5   Next: 29%
Magic:  8/11       EV:  2    Int: 25    God:
Gold:   160        SH:  0    Dex: 19    Spells: 3/10 levels left

rFire   + . .        q - +2 dagger (drain)
rCold   . . .        (no shield)
rNeg    + + +        a - +0 robe
rPois   ∞            (no helmet)
rElec   .            (no cloak)
rCorr   .            e - +0 pair of gloves
SInv    .            (no boots)
Will    .....        p - amulet of magic regeneration
Stlth   ++           c - ring of protection from fire
HPRegen 0.24/turn    h - +6 ring of dexterity
MPRegen 0.52/turn

%: no passive effects
@: petrified, slowed
A: no striking features
a: no special abilities


You were on level 2 of the Dungeon.
You visited 1 branch of the dungeon, and saw 3 of its levels.

You collected 160 gold pieces.

Inventory:

Hand Weapons
 q - a +2 dagger of draining (weapon)
Armour
 a - a +0 robe (worn)
 e - a +0 pair of gloves (worn)
Jewellery
 c - a ring of protection from fire (left hand)
 h - a +6 ring of dexterity (right hand)
 p - an amulet of magic regeneration (around neck)
Wands
 f - a wand of flame (15) (quivered)
Scrolls
 b - a scroll of revelation {unknown}
 g - a scroll of enchant weapon
 m - a scroll of teleportation {unknown}
 n - a scroll of fear {unknown}
Potions
 i - 2 potions of heal wounds
 j - a potion of curing
 l - a potion of might {unknown}
 o - a potion of enlightenment {unknown}


   Skills:
 - Level 2.4 Dodging
 - Level 2.4 Stealth
 - Level 3.0 Spellcasting
 - Level 4.3 Conjurations
 - Level 2.0 Translocations
 + Level 5.1 Evocations


You had 3 spell levels left.
You knew the following spells:

 Your Spells              Type           Power      Damage    Failure   Level
a - Magic Dart            Conj           100%       1d8       1%          1
b - Searing Ray           Conj           50%        2d6       2%          2
c - Iskenderun's Mystic   Conj/Tloc      19%        2d6       26%         4

Your spell library contained the following spells:

 Spells                   Type           Power      Damage    Failure   Level
 Gell's Gravitas          Tloc           13%        N/A       13%         3
 Teleport Other           Tloc           13%        N/A       13%         3
 Fulminant Prism          Conj/Alch      7%         3d7       38%         4
 Passage of Golubria      Tloc           13%        N/A       41%         4
 Silence                  Hex/Air        1%         N/A       95%         5
 Dispersal                Tloc           6%         N/A       100%        6
 Lehudib's Crystal Spear  Conj/Erth      7%         10d3      100%        8


Dungeon Overview and Level Annotations

Branches:
Dungeon (3/15)

Altars:
Wu Jian

Annotations:
D:2 Crazy Yiuf


Message History

d - 2 scrolls of identify (gained 1)
There is a stone staircase leading up here.
You see here a quokka corpse.
Crazy Yiuf shouts!
Could not explore, unopened runed door.
As you read the scroll of identify, it crumbles to dust.
i - 2 potions of heal wounds
As you read the scroll of identify, it crumbles to dust.
j - a potion of curing As you open the door, it creaks loudly!
Crazy Yiuf grits, "Shower!"
Casting: Searing Ray (safe; 2% risk of failure)
Confirm with . or Enter, or press ? or * to list all spells.
Aiming: Searing Ray (safe; 2% risk of failure)
Press: ? - help, Shift-Dir - straight line, f - Crazy Yiuf
Aim: Crazy Yiuf, wielding a +3 quarterstaff of chaos and wearing a +0 cloak (82% to hit)
The searing ray hits Crazy Yiuf.
Crazy Yiuf is lightly wounded. (Press . to maintain the ray.) Crazy Yiuf hits you with a +3 quarterstaff of chaos!
You are slowing down.
The searing ray hits Crazy Yiuf.
Crazy Yiuf is lightly wounded.
Crazy Yiuf glowers.
Crazy Yiuf hits you with a +3 quarterstaff of chaos! x2
Crazy Yiuf freezes you.
Your limbs are stiffening.
Okay, then.
Casting: Searing Ray (safe; 2% risk of failure)
Confirm with . or Enter, or press ? or * to list all spells.
You erupt in a blast of force!
The mystic blast hits Crazy Yiuf!
Crazy Yiuf is heavily wounded.
Crazy Yiuf is knocked back by the mystic blast.
You have turned to stone.
Crazy Yiuf hits you with a +3 quarterstaff of chaos!
* * * LOW HITPOINT WARNING * * *
You feel yourself slow down.
Crazy Yiuf hits you with a +3 quarterstaff of chaos.
* * * LOW HITPOINT WARNING * * *
You are electrocuted!!
You die...

##### #)..#
#...# ####
... ..)# #g#
##.# #@##
##.# ##.#
##.#########
#.##
##.........#
##.#
###########
##.## ##...#
#....#
#....#
###########
##....#


You could see Crazy Yiuf.

Vanquished Creatures
  Natasha (twice) (D:2)
  An iguana (D:3)
  Terence (D:2)
  2 adders (D:3)
  4 ribbon worms (D:3)
  2 dart slugs
  9 endoplasms
  2 giant cockroaches (D:1)
  5 goblins
  4 hobgoblins (D:3)
  3 quokkas
  3 ball pythons
  6 frilled lizards
  4 kobolds
  3 rats
51 creatures vanquished.

Notes
Turn   | Place    | Note
-------+----------+-------------------------------------------
     0 | D:1      | hawla the Deep Elf Conjurer began the quest for the Orb.
     0 | D:1      | Reached XP level 1. HP: 10/10 MP: 6/6
   129 | D:1      | Reached skill level 1 in Translocations
   231 | D:1      | Reached XP level 2. HP: 15/15 MP: 6/8
   234 | D:1      | Learned a level 2 spell: Searing Ray
   445 | D:1      | Reached skill level 1 in Evocations
   917 | D:2      | Noticed Natasha
   921 | D:2      | Killed Natasha
   922 | D:2      | Reached skill level 2 in Evocations
   922 | D:2      | Reached XP level 3. HP: 6/19 MP: 3/9
  1148 | D:2      | Noticed Terence
  1173 | D:3      | Reached skill level 3 in Evocations
  1451 | D:3      | Reached XP level 4. HP: 24/24 MP: 6/10
  1521 | D:3      | Learned a level 4 spell: Iskenderun's Mystic Blast
  1658 | D:3      | Reached skill level 4 in Evocations
  1738 | D:3      | Found a faded altar of an unknown god.
  1882 | D:3      | Found an ornate altar of the Wu Jian Council.
  2318 | D:2      | Killed Terence
  2319 | D:2      | Reached XP level 5. HP: 19/28 MP: 0/11
  2732 | D:2      | Noticed Natasha
  2735 | D:2      | Killed Natasha
  2736 | D:2      | Reached skill level 5 in Evocations
  2908 | D:2      | Found a runed translucent door.
  2909 | D:2      | Noticed Crazy Yiuf
  3006 | D:2      | Mangled by Crazy Yiuf

Illustrated notes

Levels and vault maps discovered:
D:1:      minmay_arrival_split_and_join, layout_rooms, minmay_door_square,
          hex_large
D:2:      layout_loops_ring, uniq_crazy_yiuf_cottage, uniq_terence, uniq_natasha
D:3:      layout_basic, nicolae_wu_jian_immortal_techniques,
          cheibrodos_sewer_entry_drain, ebering_ecumenical_altar_rust,
          chequers_serial_rivers_large_b

Skill      XL: |  1  2  3  4  5 |
---------------+----------------+-----
Translocations | 1 2 |  2.0
Evocations     | 2 3 4 5 |  5.1
Dodging        | |  2.4
Stealth        | |  2.4
Spellcasting   | |  3.0
Conjurations   | |  4.3

Action                     |  1- 3 |  4- 6 || total
---------------------------+-------+-------++-------
  Melee: Dagger            |     5 |    19 ||    24
   Cast: Magic Dart        |    39 |    10 ||    49
         Searing Ray       |     9 |    14 ||    23
         Iskenderun's Myst |       |     4 ||     4
    Use: Scroll            |     3 |     2 ||     5
         Potion            |     1 |     1 ||     2
   Stab: Sleeping          |       |     1 ||     1
 Armour: Robe              |     6 |    18 ||    24
  Dodge: Dodged            |     4 |    17 ||    21
